 Dungeon Crawl Stone Soup version 0.29.0-11-gd7f09526c8 (webtiles) character file.

Game seed: 13610612056613375727

310 RascalDebosk the Skirmisher (level 6, -2/51 HPs)
             Began as a Gnoll Hunter on Sept 5, 2022.
             Slain by a gnoll
             ... wielding a +0 flail
              (7 damage)
             ... on level 5 of the Dungeon.
             The game lasted 00:33:46 (3655 turns).

RascalDebosk the Skirmisher (Gnoll Hunter)          Turns: 3655, Time: 00:33:47

Health: -2/51      AC:  9    Str: 10    XL:     6   Next: 41%
Magic:  9/9        EV:  6    Int:  8    God:
Gold:   136        SH:  0    Dex: 18    Spells: 9/9 levels left

rFire   . . .      SeeInvis .   a - +0 shortbow
rCold   . . .      Faith    .   (shield currently unavailable)
rNeg    . . .      Spirit   .   v - +0 chain mail
rPois   .          Reflect  .   i - +0 helmet
rElec   .          Harm     .   (no cloak)
rCorr   .          Rampage  .   (no gloves)
Will    .....                   (no boots)
Stlth   ..........              w - amulet of regeneration
HPRegen 0.97/turn               (no ring)
MPRegen 0.11/turn               (no ring)

@: no status effects
A: fangs 1, strong nose, distributed training
a: no special abilities


You were on level 5 of the Dungeon.
You visited 1 branch of the dungeon, and saw 6 of its levels.

You collected 136 gold pieces.

Inventory:

Hand Weapons
 a - a +0 shortbow (weapon)
 c - a +2 short sword of flaming
Missiles
 h - 6 boomerangs
 t - 6 poisoned darts
Armour
 f - a +0 tower shield
 i - a +0 helmet (worn)
 v - a +0 chain mail (worn)
Magical Staves
 m - a staff of poison
Jewellery
 w - an amulet of regeneration (around neck)
Wands
 q - a wand of light (9)
Scrolls
 b - a scroll of immolation
 u - a scroll of magic mapping {unknown}
 y - a scroll of summoning {unknown}
 z - a scroll of identify {unknown}
Potions
 e - 3 potions of ambrosia {unknown}
 k - 2 potions of curing {unknown}
 l - a potion of might {unknown}
 o - a potion of haste {unknown}
 p - a potion of degeneration {unknown}
 r - 2 potions of lignification {unknown}
 s - a potion of flight {unknown}
 x - a potion of berserk rage {unknown}


   Skills:
 + Level 5.0 Fighting
 + Level 2.0 Short Blades
 + Level 2.0 Long Blades
 + Level 2.0 Axes
 + Level 2.0 Maces & Flails
 + Level 2.0 Polearms
 + Level 2.0 Staves
 + Level 8.8 Ranged Weapons
 + Level 2.0 Throwing
 + Level 2.0 Armour
 + Level 5.0 Dodging
 + Level 3.1 Stealth
 + Level 2.0 Shields
 + Level 2.0 Unarmed Combat
 + Level 2.0 Spellcasting
 + Level 1.6 Conjurations
 + Level 1.6 Hexes
 + Level 1.6 Summonings
 + Level 1.6 Necromancy
 + Level 1.6 Translocations
 + Level 1.6 Transmutations
 + Level 1.6 Fire Magic
 + Level 1.6 Ice Magic
 + Level 1.6 Air Magic
 + Level 1.6 Earth Magic
 + Level 1.6 Poison Magic
 + Level 2.2 Invocations
 + Level 2.0 Evocations


You had 9 spell levels left.
You didn't know any spells.
Your spell library contained the following spells:

 Spells                   Type           Power      Damage    Failure   Level
 Blink                    Tloc           6%         N/A       100%        2
 Lesser Beckoning         Tloc           3%         N/A       100%        3
 Manifold Assault         Tloc           3%         N/A       100%        5


Dungeon Overview and Level Annotations

Branches:
Dungeon (6/15)
 Temple: D:4-7

Altars:
Kikubaaqudgha

Annotations:
D:2 1 runed translucent door, Crazy Yiuf
D:4 Eustachio


Innate Abilities, Weirdness & Mutations

You have very sharp teeth.
Your uncanny sense of smell can sniff out nearby items.
Your experience applies equally to all skills.


Message History

The gnoll hits you but does no damage.
Fire: a) +0 shortbow
Press: ? - help, Q - select action, (/) - cycle Shift-Dir - straight line, f/p - gnoll
Aim: a gnoll, wielding a +0 flail (70% to hit)
You shoot an arrow.
The arrow hits the gnoll but does no damage.
The gnoll closely misses you. The gnoll barely misses you.
The gnoll hits you but does no damage. x2
Fire: a) +0 shortbow
Press: ? - help, Q - select action, (/) - cycle Shift-Dir - straight line, f/p - gnoll
Aim: a gnoll, wielding a +0 flail (70% to hit)
You shoot an arrow. The arrow hits the gnoll.
The gnoll is lightly wounded.
The gnoll hits you from afar with a +0 halberd.
The gnoll hits you but does no damage. The gnoll closely misses you.
The gnoll hits you with a +0 flail.
* * * LOW HITPOINT WARNING * * *
Fire: a) +0 shortbow
Press: ? - help, Q - select action, (/) - cycle Shift-Dir - straight line, f/p - gnoll
Aim: a gnoll, wielding a +0 flail (lightly wounded, 70% to hit)
You shoot an arrow. The arrow barely misses the gnoll.
The arrow hits the gnoll.
You kill the gnoll!
The gnoll hits you with a +0 flail!
* * * LOW HITPOINT WARNING * * *
Fire: a) +0 shortbow
Press: ? - help, Q - select action, (/) - cycle Shift-Dir - straight line, f/p - gnoll
Aim: a gnoll, wielding a +0 flail (lightly wounded, 70% to hit)
You shoot an arrow. The arrow hits the gnoll.
The gnoll is moderately wounded.
The gnoll hits you with a +0 flail.
* * * LOW HITPOINT WARNING * * *
The gnoll barely misses you.
Fire: a) +0 shortbow
Press: ? - help, Q - select action, (/) - cycle Shift-Dir - straight line, f/p - gnoll
Aim: a gnoll, wielding a +0 flail (moderately wounded, 70% to hit)
You shoot an arrow. The arrow hits the gnoll.
The gnoll is heavily wounded.
The gnoll hits you with a +0 flail!
You die...

#+# #.# #@#
#g#+#### #).....#
.########......#
......?........#
#...............#
#.[.............#
#...............#
.#........#......#


You could see a gnoll.

Vanquished Creatures
  A phantom (D:4)
  Jessica (D:2)
  Natasha (thrice) (D:2)
  5 gnolls
  2 adders (D:3)
  An ufetubus (D:4)
  A dart slug (D:2)
  8 orcs
  5 bats (D:2)
  4 endoplasms
  2 giant cockroaches
  A goblin (D:1)
  5 hobgoblins
  5 jackals
  4 quokkas
  3 ball pythons (D:2)
  2 frilled lizards
  5 kobolds
  6 rats
64 creatures vanquished.

Vanquished Creatures (others)
  A human (D:3)
1 creature vanquished.

Grand Total: 65 creatures vanquished

Notes
Turn   | Place    | Note
-------+----------+-------------------------------------------
     0 | D:1      | RascalDebosk the Gnoll Hunter began the quest for the Orb.
     0 | D:1      | Reached XP level 1. HP: 20/20 MP: 1/1
   251 | D:1      | Reached XP level 2. HP: 24/26 MP: 2/2
   558 | D:1      | Found a faded altar of an unknown god.
   989 | D:2      | Noticed Natasha
   996 | D:2      | Killed Natasha
   997 | D:2      | Reached skill level 1 in Invocations
   997 | D:2      | Reached XP level 3. HP: 26/31 MP: 2/4
  1225 | D:2      | Reached skill level 1 in Short Blades
  1225 | D:2      | Reached skill level 1 in Long Blades
  1225 | D:2      | Reached skill level 1 in Axes
  1225 | D:2      | Reached skill level 1 in Maces & Flails
  1225 | D:2      | Reached skill level 1 in Polearms
  1225 | D:2      | Reached skill level 1 in Staves
  1225 | D:2      | Reached skill level 1 in Throwing
  1225 | D:2      | Reached skill level 1 in Armour
  1225 | D:2      | Reached skill level 1 in Shields
  1225 | D:2      | Reached skill level 1 in Unarmed Combat
  1225 | D:2      | Reached skill level 1 in Spellcasting
  1225 | D:2      | Reached skill level 1 in Evocations
  1227 | D:2      | Reached XP level 4. HP: 18/38 MP: 5/5
  1614 | D:2      | Noticed Jessica
  1622 | D:2      | Killed Jessica
  1623 | D:2      | Reached skill level 1 in Conjurations
  1623 | D:2      | Reached skill level 1 in Hexes
  1623 | D:2      | Reached skill level 1 in Summonings
  1623 | D:2      | Reached skill level 1 in Necromancy
  1623 | D:2      | Reached skill level 1 in Translocations
  1623 | D:2      | Reached skill level 1 in Transmutations
  1623 | D:2      | Reached skill level 1 in Fire Magic
  1623 | D:2      | Reached skill level 1 in Ice Magic
  1623 | D:2      | Reached skill level 1 in Air Magic
  1623 | D:2      | Reached skill level 1 in Earth Magic
  1623 | D:2      | Reached skill level 1 in Poison Magic
  1768 | D:2      | Found a runed translucent door.
  1863 | D:2      | Reached XP level 5. HP: 43/43 MP: 7/7
  2037 | D:2      | Noticed Natasha
  2047 | D:2      | Killed Natasha
  2198 | D:2      | Noticed Natasha
  2203 | D:2      | Killed Natasha
  2261 | D:2      | Noticed Crazy Yiuf
  2554 | D:3      | Found an ancient bone altar of Kikubaaqudgha.
  2557 | D:3      | Noticed a human
  2559 | D:3      | Killed a human
  3493 | D:4      | Noticed a phantom
  3497 | D:4      | Killed a phantom
  3498 | D:4      | Reached skill level 5 in Fighting
  3498 | D:4      | Reached skill level 5 in Dodging
  3498 | D:4      | Reached XP level 6. HP: 51/51 MP: 7/9
  3621 | D:4      | Noticed Eustachio
  3622 | D:4      | You fall into a shaft and drop 2 floors!
  3629 | D:5      | Entered Level 5 of the Dungeon
  3655 | D:5      | Slain by a gnoll

Illustrated notes

Levels and vault maps discovered:
D:1:      psy_arrival_spokes, layout_basic, shapermc_ecumenical_altar_ellora
D:2:      layout_loops_corners, uniq_natasha, uniq_jessica,
          uniq_crazy_yiuf_cottage
D:3:      layout_basic, tgw_kikubaaqudgha, minmay_fractal_squares_gapless_5
D:4:      layout_cave_pools, serial_glass, glass_columns_b, glass_columns_a,
          hangedman_decor_opposing, uniq_eustachio, uniq_menkaure
D:5:      kennysheep_six_static_rooms, layout_basic,
          amethyst_overflow_temple_binary
D:6:      layout_cave_pools, minmay_small_thing

Skill      XL: |  1  2  3  4  5 |
---------------+----------------+-----
Invocations    | 1 2 |  2.2
Short Blades   | 1 2 |  2.0
Long Blades    | 1 2 |  2.0
Axes           | 1 2 |  2.0
Maces & Flails | 1 2 |  2.0
Polearms       | 1 2 |  2.0
Staves         | 1 2 |  2.0
Throwing       | 1 2 |  2.0
Armour         | 1 2 |  2.0
Shields        | 1 2 |  2.0
Unarmed Combat | 1 2 |  2.0
Spellcasting   | 1 2 |  2.0
Evocations     | 1 2 |  2.0
Conjurations   | 1 |  1.6
Hexes          | 1 |  1.6
Summonings     | 1 |  1.6
Necromancy     | 1 |  1.6
Translocations | 1 |  1.6
Transmutations | 1 |  1.6
Fire Magic     | 1 |  1.6
Ice Magic      | 1 |  1.6
Air Magic      | 1 |  1.6
Earth Magic    | 1 |  1.6
Poison Magic   | 1 |  1.6
Stealth        | 3 |  3.1
Fighting       | 5 |  5.0
Dodging        | 5 |  5.0
Ranged Weapons | |  8.8

Action                   |  1- 3 |  4- 6 || total
-------------------------+-------+-------++-------
 Fire: Shortbow          |    55 |   136 ||   191
  Use: Scroll            |       |     4 ||     4
Armor: Scale mail        |     7 |    23 ||    30
       Leather armour    |     1 |       ||     1
       Chain mail        |       |    25 ||    25
Dodge: Dodged            |    17 |    49 ||    66
